 Dungeon Crawl Stone Soup version 0.25.0-11-g1f837a76a1 (webtiles) character file.

Game seed: 11135630694824836818

819 Delamore the Skirmisher (level 7, -2/48 HPs)
             Began as a Gargoyle Fighter on June 25, 2020.
             Was an Initiate of Okawaru.
             Slain by an ogre
             ... wielding a +0 giant spiked club
              (30 damage)
             ... on level 5 of the Dungeon.
             The game lasted 00:04:35 (4668 turns).

Delamore the Skirmisher (Gargoyle Fighter)          Turns: 4668, Time: 00:04:36

Health: -2/48      AC: 13    Str: 22    XL:     7   Next: 95%
Magic:  7/7        EV:  5    Int:  8    God:    Okawaru [......]
Gold:   185        SH:  9    Dex:  9    Spells: 6/6 levels left

rFire    . . .     SeeInvis .   g - +0 whip (curse)
rCold    . . .     Gourm    .   c - +0 kite shield
rNeg     + . .     Faith    .   p - +0 chain mail
rPois    ∞         Spirit   .   (no helmet)
rElec    +         Reflect  .   (no cloak)
rCorr    .         Harm     .   (no gloves)
MR       .....                  (no boots)
Stlth    ..........             (no amulet)
HPRegen  0.16/turn              (no ring)
MPRegen  0.10/turn              (no ring)

@: no status effects
A: negative energy resistance 1, electricity resistance, unbreathing,
petrification resistance, rot immunity, AC +4
a: Renounce Religion


You were on level 5 of the Dungeon.
You worshipped Okawaru.
Okawaru was noncommittal.
You were not hungry.

You visited 2 branches of the dungeon, and saw 6 of its levels.

You collected 185 gold pieces.

Inventory:

Hand Weapons
 a - a +0 flail
 g - a cursed +0 whip (weapon)
Missiles
 z - 10 poisoned darts (quivered)
Armour
 b - a +0 scale mail
 c - a +0 kite shield (worn)
 m - a +0 ring mail
 p - a +0 chain mail (worn)
Jewellery
 q - a +4 ring of evasion {unknown}
Wands
 s - a wand of flame (6)
 u - a wand of paralysis (6)
Scrolls
 j - 3 scrolls of teleportation
 n - a scroll of blinking
 o - a scroll of remove curse {unknown}
 w - a scroll of amnesia
 y - a scroll of fear
Potions
 d - a potion of might
 e - 3 potions of curing {unknown}
 h - a potion of degeneration {unknown}
 i - a potion of mutation {unknown}
 k - 2 potions of heal wounds {unknown}
 l - a potion of brilliance {unknown}
 r - a potion of stabbing {unknown}
 t - a potion of invisibility {unknown}
 v - a potion of flight {unknown}
 A - a potion of lignification {unknown}
Comestibles
 f - 7 rations


   Skills:
 + Level 7.4 Fighting
 + Level 6.3 Maces & Flails
 - Level 3.2 Armour
 - Level 3.2 Shields


You had 6 spell levels left.
You didn't know any spells.
Your spell library contained the following spells:

 Spells                   Type           Power        Failure   Level  Hunger
 Foxfire                  Conj/Fire      #...         100%        1    ##.....
 Conjure Flame            Conj/Fire      #.......     100%        3    ####...
 Inner Flame              Hex/Fire       #.......     100%        3    ####...
 Sticky Flame             Conj/Fire      #.......     100%        4    #####..
 Fireball                 Conj/Fire      #.........   100%        5    ######.


Dungeon Overview and Level Annotations

Branches:
Dungeon (5/15)             Temple (1/1) D:4

Altars:
Ashenzari
Cheibriados
Dithmenos
Elyvilon
Fedhas
Gozag
Hepliaklqana
Kikubaaqudgha
Okawaru
Qazlal
Ru
Sif Muna
Trog
Uskayaw
Vehumet
Wu Jian
Xom
Yredelemnul
Zin
The Shining One


Innate Abilities, Weirdness & Mutations

You are resistant to torment.
Your stone body is resilient. (AC +4)
You are immune to poison.
You resist negative energy. (rN+)
You are resistant to electric shocks. (rElec)
You can survive without breathing.
You are immune to petrification.
You are immune to rotting.


Message History

You hit the ogre.
The ogre is lightly wounded.
You whack the ogre!
The ogre is moderately wounded.
The ogre hits you but does no damage.
You hit the ogre.
The ogre is moderately wounded.
The ogre barely misses you.
You hit the ogre.
The ogre is heavily wounded.
You hit the ogre.
The ogre is severely wounded.
You block the ogre's attack.
You hit the ogre but do no damage.
The ogre is severely wounded.
You hit the ogre.
The ogre is severely wounded.
The ogre hits you with a +0 giant spiked club!!
Ouch! That really hurt!
You die...

#..##....# #?.# #
...##.##.####.# .#
..............# #.##
####†()######.## ##...#
##)))## #..##...#
##.....## ##....# ##
#....)..# ###...####..#
#.......###...........#
#.......##....O@...####
#....[..###....#..##
#....#### ##...##.#
#....+.J## ##... ...
########(# ##.. .###
##).(J(.## #.. ##
#'####### #. #.J÷......
## #.P.J.....


You could see an ogre.

Vanquished Creatures
  3 big kobolds (D:5)
  A bullfrog (D:5)
  A crimson imp (D:4)
  An orc priest (D:4)
  A centaur skeleton (D:4)
  2 orc wizards
  Jessica (D:2)
  A worker ant (D:4)
  Ijyb (D:3)
  Terence (D:2)
  Natasha (thrice) (D:2)
  An iguana (D:3)
  A killer bee zombie (D:5)
  9 adders
  An ooze (D:2)
  3 leopard geckos
  10 orcs
  3 ball pythons
  5 giant cockroaches
  11 goblins
  8 hobgoblins
  2 quokkas
  4 bats
  6 frilled lizards
  16 kobolds
  A quokka skeleton (D:4)
  10 rats
107 creatures vanquished.

Vanquished Creatures (others)
  3 fungi (D:5)
  8 toadstools (D:5)
11 creatures vanquished.

Grand Total: 118 creatures vanquished

Notes
Turn   | Place    | Note
-------+----------+-------------------------------------------
     0 | D:1      | Delamore the Gargoyle Fighter began the quest for the Orb.
     0 | D:1      | Reached XP level 1. HP: 14/14 MP: 1/1
   230 | D:1      | Reached XP level 2. HP: 19/19 MP: 2/2
   565 | D:1      | Reached XP level 3. HP: 24/24 MP: 3/3
   607 | D:1      | Reached skill level 4 in Fighting
  1087 | D:2      | Noticed Natasha
  1107 | D:2      | Killed Natasha
  1107 | D:2      | Reached XP level 4. HP: 8/30 MP: 4/4
  1437 | D:2      | Noticed Jessica
  1446 | D:2      | Killed Jessica
  1506 | D:2      | Reached XP level 5. HP: 32/34 MP: 5/5
  1547 | D:2      | Noticed Terence
  1557 | D:2      | Killed Terence
  1557 | D:2      | Reached skill level 5 in Fighting
  1751 | D:2      | Noticed Natasha
  1775 | D:2      | HP: 1/35 [Natasha (1)]
  1777 | D:2      | Killed Natasha
  1967 | D:2      | Noticed Natasha
  1976 | D:2      | Killed Natasha
  2321 | D:2      | Reached XP level 6. HP: 40/40 MP: 6/6
  2693 | D:3      | Noticed Ijyb
  2718 | D:3      | Killed Ijyb
  3125 | D:3      | Reached skill level 6 in Fighting
  3428 | D:4      | Reached skill level 5 in Maces & Flails
  3513 | D:4      | Found a staircase to the Ecumenical Temple.
  3526 | Temple   | Entered the Ecumenical Temple
  3700 | Temple   | Became a worshipper of Warmaster Okawaru
  3795 | D:4      | Reached XP level 7. HP: 47/47 MP: 7/7
  3878 | D:4      | Found a glowing golden altar of the Shining One.
  3878 | D:4      | Found a shattered altar of Ashenzari.
  4511 | D:5      | Entered Level 5 of the Dungeon
  4547 | D:5      | Reached skill level 7 in Fighting
  4615 | D:5      | Noticed a slime creature
  4616 | D:5      | Noticed a slime creature
  4668 | D:5      | Slain by an ogre

Illustrated notes

Levels and vault maps discovered:
D:1:      eino_arrival_cavern_d, layout_basic, hangedman_decor_clover_reticule
D:2:      layout_loops_ring, uniq_natasha, uniq_jessica, uniq_terence
D:3:      layout_loops_ring, first_ration, uniq_ijyb
D:4:      layout_basic, gammafunk_temple_overflow_statue,
          minmay_temple_entry_purple_smoke
D:5:      cheibrodos_fertilizer, layout_layer_cave,
          nemelex_xobeh_ov_fountains_minmay, nicolae_ossuary_entry_plus,
          minmay_misc_feat_five
Temple:   regret_index_temple_mists

Skill      XL: |  1  2  3  4  5  6  7 |
---------------+----------------------+-----
Fighting       | 4 5 6 7 |  7.4
Maces & Flails | 3 4 5 6 |  6.3
Armour         | |  3.2
Shields        | |  3.2

Action                   |  1- 3 |  4- 6 |  7- 9 || total
-------------------------+-------+-------+-------++-------
Melee: Flail             |    16 |       |       ||    16
       Whip              |   174 |   326 |   167 ||   667
  Use: Scroll            |       |     2 |     4 ||     6
  Eat: Chunk             |     1 |     9 |     3 ||    13
Armor: Scale mail        |   110 |    27 |       ||   137
       Ring mail         |       |    60 |       ||    60
       Chain mail        |       |    69 |   136 ||   205
Dodge: Dodged            |    76 |    80 |    51 ||   207
Block: Kite shield       |   109 |   140 |   108 ||   357
